 Dungeon Crawl Stone Soup version 0.29.0-13-gc9e81de378 (webtiles) character file.

Game seed: 4225644553766841955

77 Artool the Ducker (level 4, -2/34 HPs)
             Began as a Demonspawn Gladiator on Sept 7, 2022.
             Slain by a black bear (3 damage)
             ... on level 3 of the Dungeon.
             The game lasted 00:03:25 (3162 turns).

Artool the Ducker (Demonspawn Gladiator)            Turns: 3162, Time: 00:03:25

Health: -2/34      AC:  5    Str: 16    XL:     4   Next: 13%
Magic:  4/4        EV: 13    Int: 10    God:
Gold:   178        SH:  0    Dex: 16    Spells: 3/3 levels left

rFire   . . .      SeeInvis .   f - +0 whip
rCold   . . .      Faith    .   (no shield)
rNeg    . . .      Spirit   .   t - +1 leather armour {Will+}
rPois   .          Reflect  .   c - +0 helmet
rElec   .          Harm     .   (no cloak)
rCorr   .          Rampage  .   (no gloves)
Will    +....                   (no boots)
Stlth   ++........              (no amulet)
HPRegen 0.11/turn               (no ring)
MPRegen 0.09/turn               (no ring)

@: no status effects
A: hooves 1, thin skeletal structure 1, foul stench 1
a: no special abilities


You were on level 3 of the Dungeon.
You visited 1 branch of the dungeon, and saw 3 of its levels.

You collected 178 gold pieces.

Inventory:

Hand Weapons
 f - a +0 whip (weapon)
Missiles
 d - 3 throwing nets
 e - a javelin
 m - 4 curare-tipped darts
 p - 6 poisoned darts (quivered)
Armour
 b - a +0 leather armour
 c - a +0 helmet (worn)
 t - a +1 leather armour of willpower (worn)
Scrolls
 a - 2 scrolls of identify {unknown}
 g - a scroll of butterflies {unknown}
 l - 2 scrolls of teleportation {unknown}
 o - a scroll of torment {unknown}
 s - a scroll of acquirement {unknown}
Potions
 h - 2 potions of haste {unknown}
 i - a potion of lignification {unknown}
 j - a potion of mutation {unknown}
 k - 2 potions of ambrosia {unknown}
 n - 2 potions of curing {unknown}
 q - a potion of magic {unknown}
 r - a potion of degeneration {unknown}
 u - a potion of brilliance {unknown}


   Skills:
 + Level 2.7 Fighting
 + Level 3.2 Maces & Flails
 - Level 2.0 Throwing
 + Level 1.4 Armour
 + Level 3.2 Dodging


You had 3 spell levels left.
You didn't know any spells.
Your spell library contained the following spells:

 Spells                   Type           Power      Damage    Failure   Level
 Magic Dart               Conj           0%         1d3       43%         1
 Call Imp                 Summ           0%         N/A       56%         2
 Mephitic Cloud           Conj/Pois/Air  0%         N/A       80%         3


Dungeon Overview and Level Annotations

Branches:
Dungeon (3/15)

Altars:
Makhleb
Vehumet
Wu Jian


Innate Abilities, Weirdness & Mutations

You have large cloven feet.
You have a somewhat thin skeletal structure. (Dex +2, Stealth+)
You may rarely emit foul miasma when damaged in melee.


Message History

The black bear bites you. The black bear closely misses you.
The black bear claws you.
You are too injured to fight recklessly!
You are too injured to fight recklessly!
You are too injured to fight recklessly!
You are too injured to fight recklessly!
You are too injured to fight recklessly!
You hit the black bear. You kick the black bear.
The black bear is severely wounded.
The black bear bites you but does no damage.
The black bear claws you but does no damage.
The black bear claws you.
* * * LOW HITPOINT WARNING * * *
You closely miss the black bear.
You kick the black bear, but do no damage.
The black bear is severely wounded.
The black bear closely misses you. The black bear claws you.
* * * LOW HITPOINT WARNING * * *
The black bear closely misses you.
You barely miss the black bear.
You kick the black bear, but do no damage.
The black bear is severely wounded.
The black bear barely misses you. The black bear claws you.
* * * LOW HITPOINT WARNING * * *
The black bear misses you.
You hit the black bear.
You kick the black bear, but do no damage.
The black bear is almost dead.
You barely miss the black bear.
The black bear is almost dead.
The black bear misses you.
The black bear claws you but does no damage.
The black bear claws you.
* * * LOW HITPOINT WARNING * * *
You closely miss the black bear. You kick the black bear.
The black bear is almost dead.
The black bear bites you.
* * * LOW HITPOINT WARNING * * *
The black bear claws you.
You die...

...# .# ...#..# #.
#+#.... #..#..###.##
####.......
.....<....... ..+.......
............ ..#.......
#..... #...# #.#.......
......##...# #.#....#
...........####.#....#
................@....#
.........#.####.h...##
........................
.........#..............
.........#####..##.#.!..
#..................#....
.............#..#### ...
#............#... ..
...............


You could see a black bear.

Vanquished Creatures
  Jessica (D:2)
  2 adders (D:2)
  3 ball pythons
  4 endoplasms
  A giant cockroach (D:3)
  4 goblins
  2 hobgoblins
  3 quokkas (D:1)
  3 bats
  4 kobolds
  3 rats
30 creatures vanquished.

Notes
Turn   | Place    | Note
-------+----------+-------------------------------------------
     0 | D:1      | Artool the Demonspawn Gladiator began the quest for the
                  | Orb.
     0 | D:1      | Reached XP level 1. HP: 16/16 MP: 1/1
   524 | D:1      | Gained mutation: You may rarely emit foul miasma when
                  | damaged in melee. [demonic ancestry]
   524 | D:1      | Reached XP level 2. HP: 20/22 MP: 2/2
  1453 | D:2      | Found a faded altar of an unknown god.
  1784 | D:2      | Gained mutation: You have a somewhat thin skeletal
                  | structure. (Dex +2, Stealth+) [demonic ancestry]
  1784 | D:2      | Reached XP level 3. HP: 15/28 MP: 3/3
  1962 | D:2      | Found an ornate altar of the Wu Jian Council.
  1966 | D:2      | Noticed Jessica
  1979 | D:2      | HP: 1/28 [Jessica/+0 club (4)]
  1983 | D:2      | Killed Jessica
  1984 | D:2      | Reached skill level 1 in Armour
  2705 | D:2      | Gained mutation: You have large cloven feet. [demonic
                  | ancestry]
  2705 | D:2      | Reached XP level 4. HP: 31/34 MP: 4/4
  3081 | D:3      | Found a burning altar of Makhleb.
  3119 | D:3      | Found a radiant altar of Vehumet.
  3147 | D:3      | Noticed a black bear
  3162 | D:3      | HP: 1/34 [black bear (5)]
  3162 | D:3      | Slain by a black bear

Illustrated notes

Levels and vault maps discovered:
D:1:      nagdon_arrival_zigzag_paths, layout_basic
D:2:      layout_basic, basic_altar, hellmonk_ecumenical_altar_prayer_group,
          uniq_jessica
D:3:      layout_basic, slow_altar_2, nicolae_overflow_hidden_temple, uniq_ijyb

Skill      XL: |  1  2  3 |
---------------+----------+-----
Throwing       | 2 |  2.0
Maces & Flails | 3 |  3.2
Dodging        | 3 |  3.2
Armour         | 1 |  1.4
Fighting       | |  2.7

Action                   |  1- 3 |  4- 6 || total
-------------------------+-------+-------++-------
Melee: Whip              |   141 |    27 ||   168
       Flail             |     3 |       ||     3
       Punch             |     1 |       ||     1
       Kick              |       |    10 ||    10
 Stab: Sleeping          |     4 |     2 ||     6
Armor: Leather armour    |    34 |    13 ||    47
Dodge: Dodged            |    95 |    23 ||   118
